 Dungeon Crawl Stone Soup version 0.30-a0-862-g1aabd4f9c5 (webtiles) character file.

Game seed: 2461469483370485519

830 bande the Chopper (level 7, 0/44 HPs)
             Began as a Gargoyle Fighter on Mar 10, 2023.
             Slain by Edmund
             ... wielding a +4 heavy dire flail
              (8 damage)
             ... on level 5 of the Dungeon.
             The game lasted 00:09:31 (4083 turns).

bande the Chopper (Gargoyle Fighter)                Turns: 4083, Time: 00:09:31

Health: 0/44       AC: 27    Str: 20    XL:     7   Next: 97%
Magic:  7/7        EV:  5    Int:  8    God:
Gold:   189        SH:  5    Dex: 11    Spells: 6/6 levels left

rFire   . . .      SeeInvis .    a - +0 war axe
rCold   . . .      Faith    .    c - +0 buckler
rNeg    + + .      Spirit   .    p - +0 plate armour
rPois   ∞          Reflect  .    t - +2 helmet
rElec   +          Rampage  .    v - +1 cloak
rCorr   +                        g - +0 pair of gloves of the Shore {Fly rN+ rCorr}
Will    .....                    (no boots) Stlth
                                 (no amulet)
HPRegen 0.27/turn                q - +4 ring of protection
MPRegen 0.10/turn                (no ring)

@: flying
A: sickness immunity, AC +4, negative energy resistance 1, electricity
resistance, torment resistance 1, petrification resistance
a: no special abilities


You were on level 5 of the Dungeon.
You visited 1 branch of the dungeon, and saw 5 of its levels.

You collected 189 gold pieces.

Inventory:

Hand Weapons
 a - a +0 war axe (weapon)
 e - a +0 flail of protection
 k - a +2 scimitar of flaming
Armour
 c - a +0 buckler (worn)
 g - the +0 pair of gloves of the Shore (worn) {Fly rN+ rCorr}
   (You acquired it on level 4 of the Dungeon)

   rN:        It protects you from negative energy.
   Fly:       It grants you flight.
   rCorr:     It protects you from acid and corrosion.
 p - a +0 plate armour (worn)
 t - a +2 helmet (worn)
 v - a +1 cloak (worn)
Jewellery
 q - a +4 ring of protection (left hand)
Wands
 f - a wand of mindburst (13)
Scrolls
 b - a scroll of poison
 h - a scroll of enchant armour
 j - a scroll of teleportation
Potions
 d - 2 potions of might
 i - a potion of resistance {unknown}
 l - 2 potions of curing {unknown}
 m - a potion of brilliance {unknown}
 r - a potion of invisibility {unknown}
 s - a potion of ambrosia {unknown}
 u - a potion of flight {unknown}
 w - a potion of mutation {unknown}


   Skills:
 + Level 5.1 Fighting
 + Level 5.9 Axes
 + Level 5.3 Armour
 - Level 0.2 Stealth
 + Level 4.5 Shields


You had 6 spell levels left.
You didn't know any spells.
Your spell library was empty.

Dungeon Overview and Level Annotations

Branches:
Dungeon (5/15)
 Temple: D:4-7

Altars:
Nemelex Xobeh
Vehumet
Yredelemnul

Annotations:
D:5 Edmund


Innate Abilities, Weirdness & Mutations

You are immune to sickness and miasma.
Your stone body is resilient. (AC +4)
You are immune to poison.
You resist negative energy. (rN+)
You are resistant to electric shocks. (rElec)
You are resistant to unholy torment.
You are immune to petrification.


Message History

You hit Edmund but do no damage.
Edmund is lightly wounded.
Edmund hits you but does no damage.
You closely miss Edmund.
Edmund is lightly wounded.
Edmund hits you but does no damage.
You slash Edmund!
Edmund is heavily wounded.
Edmund hits you with a +4 heavy dire flail!
You are too injured to fight recklessly!
You are too injured to fight recklessly!
You are too injured to fight recklessly!
You are too injured to fight recklessly!
You are too injured to fight recklessly!
You are too injured to fight recklessly!
You are too injured to fight recklessly!
You are too injured to fight recklessly!
You are too injured to fight recklessly!
You barely miss Edmund.
Edmund is heavily wounded.
Edmund hits you with a +4 heavy dire flail!
* * * LOW HITPOINT WARNING * * *
You barely miss Edmund.
Edmund is heavily wounded.
You hit Edmund but do no damage.
Edmund is heavily wounded.
Edmund hits you but does no damage.
You barely miss Edmund.
Edmund is heavily wounded.
Edmund hits you but does no damage.
You barely miss Edmund.
Edmund is heavily wounded.
You block Edmund's attack.
You closely miss Edmund.
Edmund is heavily wounded.
Edmund barely misses you.
You closely miss Edmund.
Edmund is heavily wounded.
Edmund hits you with a +4 heavy dire flail!
You die...

.## ## .... . ##
.##.... ..# ##.
....... ..#..
##....... ...
#........ #.##
###........
#@####..........
##@.............
##....###..####..
##....## #..#
#......###..#
#...#....##...#
##
..###.........##
#< .##
#...)......# #.
#...........##
###.


You could see Edmund.

Vanquished Creatures
  Grinder (D:4)
  Duvessa (D:4)
  A black bear (D:4)
  Blork the orc (D:4)
  Dowan (D:4)
  A hound (D:4)
  A jelly (D:4)
  Crazy Yiuf (D:3)
  2 orc priests (D:3)
  An orc wizard (D:3)
  An iguana (D:4)
  Robin (D:3)
  A gnoll (D:1)
  3 adders
  A white imp (D:4)
  A worm (D:4)
  5 orcs (D:3)
  3 ball pythons
  12 endoplasms
  2 giant cockroaches
  7 hobgoblins
  2 jackals (D:3)
  2 kobolds
  3 quokkas
  5 bats
  A frilled lizard (D:3)
  14 goblins
  10 rats
  A spectral orc (D:3)
86 creatures vanquished.

Notes
Turn   | Place    | Note
-------+----------+-------------------------------------------
     0 | D:1      | bande the Gargoyle Fighter began the quest for the Orb.
     0 | D:1      | Reached XP level 1. HP: 14/14 MP: 1/1
   132 | D:1      | Reached XP level 2. HP: 11/19 MP: 2/2
   636 | D:1      | Reached XP level 3. HP: 23/23 MP: 3/3
  2103 | D:3      | Found a radiant altar of Vehumet.
  2200 | D:3      | Reached XP level 4. HP: 29/29 MP: 4/4
  2265 | D:3      | Found a faded altar of an unknown god.
  2521 | D:3      | Reached XP level 5. HP: 33/33 MP: 5/5
  2562 | D:3      | Found a runed translucent door.
  2563 | D:3      | Noticed Crazy Yiuf
  2608 | D:3      | Found a basalt altar of Yredelemnul.
  2648 | D:3      | Noticed Robin
  2669 | D:3      | Killed Robin
  2960 | D:3      | Killed Crazy Yiuf
  3011 | D:4      | Reached XP level 6. HP: 37/38 MP: 6/6
  3049 | D:4      | Noticed a black bear
  3066 | D:4      | Killed a black bear
  3198 | D:4      | Noticed Blork the orc
  3200 | D:4      | Noticed Duvessa
  3200 | D:4      | Noticed Dowan
  3213 | D:4      | Killed Duvessa
  3214 | D:4      | Reached XP level 7. HP: 14/44 MP: 7/7
  3216 | D:4      | Killed Dowan
  3217 | D:4      | Reached skill level 5 in Axes
  3556 | D:4      | Killed Blork the orc
  3557 | D:4      | Reached skill level 5 in Armour
  3558 | D:4      | Noticed Grinder
  3565 | D:4      | Paralysed by Grinder for 5 turns
  3582 | D:4      | Paralysed by Grinder for 5 turns
  3591 | D:4      | Killed Grinder
  3592 | D:4      | Reached skill level 5 in Fighting
  3901 | D:4      | Identified a scroll of acquirement
  3901 | D:4      | Acquired the +0 pair of gloves of the Shore {Fly rN+ rCorr}
  3969 | D:3      | Found a sparkling altar of Nemelex Xobeh.
  4007 | D:5      | Entered Level 5 of the Dungeon
  4057 | D:5      | Noticed Edmund
  4083 | D:5      | Slain by Edmund

Illustrated notes

Levels and vault maps discovered:
D:1:      minmay_arrival_four_houses, layout_loops_ring
D:2:      minmay_alternating_diamond, layout_basic
D:3:      layout_rooms, yredelemnul_forgotten_temple_becter,
          nicolae_overflow_hidden_temple, mainiacjoe_overflow_brackets,
          chequers_ecumenical_altar_island, uniq_robin, uniq_crazy_yiuf_cottage
D:4:      layout_rooms, serial_corexii_hall, chequers_hall_statues_corner_a,
          corexii_hall_statues_deadend, corexii_hall_statues_x,
          corexii_hall_statues_x, uniq_grinder, uniq_blork_the_orc, uniq_duvessa
D:5:      layout_layer_cave, minmay_temple_entry_grid, uniq_edmund

Skill      XL: |  1  2  3  4  5  6  7 |
---------------+----------------------+-----
Axes           | 2 3 4 5 |  5.9
Armour         | 4 5 |  5.3
Fighting       | 4 5 |  5.1
Shields        | 4 |  4.5
Stealth        | |  0.2

Action                     |  1- 3 |  4- 6 |  7- 9 || total
---------------------------+-------+-------+-------++-------
  Melee: War axe           |   127 |    80 |    78 ||   285
    Use: Scroll            |       |     7 |     3 ||    10
         Potion            |       |       |     2 ||     2
 Armour: Scale mail        |    38 |       |       ||    38
         Chain mail        |    32 |       |       ||    32
         Plate armour      |    16 |    91 |    69 ||   176
  Dodge: Dodged            |    56 |    25 |    17 ||    98
  Block: Buckler           |    32 |    25 |    11 ||    68

Table legend: (Time is in decaauts)
 A = Elapsed time spent in this place.
 B = Non-inter-level travel time spent in this place.
 C = Inter-level travel time spent in this place.
 D = Time resting spent in this place.
 E = Time spent auto-exploring this place.
 F = Levels seen in this place.
 G = Mean time per level.
                   A        B        C        D        E       F      G
               +--------+--------+--------+--------+--------+-----+--------+
         Total |   4191 |   4100 |     91 |    780 |   2367 |   5 |  838.2 |
       Dungeon |   4191 |   4100 |     91 |    780 |   2367 |   5 |  838.2 |
               +--------+--------+--------+--------+--------+-----+--------+

Top non-repeatable levels by time:
     D:3: 1100 daAuts
     D:1: 1065 daAuts
     D:2: 1009 daAuts
     D:4: 937 daAuts
     D:5: 79 daAuts
